 Dungeon Crawl Stone Soup version 0.30-a0-596-g0af90f9a20 (webtiles) character file.

Game seed: 14840599693515806176

735 spardeous the Nimble (level 7, -7/33 HPs)
             Began as a Felid Earth Elementalist on Jan 7, 2023.
             Killed by divine providence
             ... invoked by an orc priest
              (9 damage)
             ... on level 7 of the Dungeon.
             The game lasted 00:14:19 (7864 turns).

spardeous the Nimble (Felid Earth Elementalist)     Turns: 7864, Time: 00:14:20

Health: -7/33      AC:  6    Str:  4    XL:     7   Next: 45%
Magic:  5/11       EV: 24    Int: 20    God:
Gold:   356        SH:  0    Dex: 17    Spells: 9/10 levels left
                                        Lives:  0   Deaths: 2

rFire   . . .      SeeInvis +    (weapon unavailable)
rCold   . . .      Faith    .    (shield unavailable)
rNeg    . . .      Spirit   .    (body armour unavailable)
rPois   .          Reflect  .    (helmet unavailable)
rElec   .          Harm     .    (cloak unavailable)
rCorr   +          Rampage  .    (gloves unavailable)
Will    +....                    (boots unavailable)
Stlth   ++                       (no amulet)
HPRegen 0.25/turn                r - +4 ring of protection
MPRegen 0.12/turn                v - ring of resist corrosion

@: quick
A: very small, claws 1, fangs 3, see invisible, speed 1, shaggy fur 2, stealthy
paws, no weapons or thrown items, no armour, multi-lived
a: no special abilities


You were on level 7 of the Dungeon.
You visited 2 branches of the dungeon, and saw 8 of its levels.

You collected 356 gold pieces.

Inventory:

Jewellery
 d - a ring of flight
 r - a +4 ring of protection (left paw)
 v - a ring of resist corrosion (right paw)
 w - an amulet of guardian spirit
Wands
 y - a wand of light (13)
Scrolls
 b - a scroll of blinking
 c - 3 scrolls of poison
 e - 3 scrolls of vulnerability
 g - 3 scrolls of enchant weapon
 h - 5 scrolls of teleportation
 i - 2 scrolls of amnesia {unknown}
 j - 2 scrolls of noise {unknown}
 l - 3 scrolls of immolation {unknown}
 q - 2 scrolls of silence {unknown}
 u - a scroll of fear {unknown}
 x - 3 scrolls of identify
Potions
 a - a potion of magic
 f - 2 potions of curing
 k - 4 potions of resistance {unknown}
 m - a potion of haste
 n - 3 potions of invisibility
 o - a potion of lignification
 p - a potion of flight
 s - a potion of brilliance
 t - 2 potions of heal wounds


   Skills:
 + Level 5.1 Fighting
 + Level 10.6 Dodging
 - Level 2.6 Stealth
 - Level 2.0 Spellcasting
 - Level 1.1 Transmutations
 + Level 7.8 Earth Magic


You had 9 spell levels left.
You knew the following spells:

 Your Spells              Type           Power      Damage    Failure   Level
a - Sandblast             Erth           66%        2d15      1%          1

Your spell library contained the following spells:

 Spells                   Type           Power      Damage    Failure   Level
 Passwall                 Tmut/Erth      15%        N/A       3%          2
 Stone Arrow              Conj/Erth      34%        3d9       10%         3
 Petrify                  Tmut/Erth      19%        N/A       26%         4


Dungeon Overview and Level Annotations

Branches:
Dungeon (7/15)             Temple (1/1) D:5

Altars:
Ashenzari
Cheibriados
Elyvilon
Fedhas
Makhleb
Okawaru
Ru
Sif Muna
Trog
Uskayaw
Vehumet
Wu Jian
Xom
Yredelemnul
Zin
The Shining One


Innate Abilities, Weirdness & Mutations

You have sharp claws.
You have razor-sharp teeth.
You have supernaturally acute eyesight. (SInv)
You cover ground quickly. (Speed+)
You are covered in thick fur. (AC +2)
Your paws help you pounce on unaware monsters.
You are incapable of wielding weapons or throwing items.
You cannot wear armour.
You gain extra lives every three experience levels.


Message History

The blast of sand hits the orc warrior but does no damage.
Casting: Sandblast (safe; 1% risk of failure)
Confirm with . or Enter, or press ? or * to list all spells.
Aiming: Sandblast (safe; 1% risk of failure)
Press: ? - help, Shift-Dir - straight line, f/p - orc warrior
Aim: an orc warrior, wielding a +0 war axe and wearing a +0 plate armour (84% to hit)
The blast of sand hits the orc warrior but does no damage.
Casting: Sandblast (safe; 1% risk of failure)
Confirm with . or Enter, or press ? or * to list all spells.
Aiming: Sandblast (safe; 1% risk of failure)
Press: ? - help, Shift-Dir - straight line, f/p - orc warrior
Aim: an orc warrior, wielding a +0 war axe and wearing a +0 plate armour (84% to hit)
The blast of sand hits the orc warrior but does no damage.
An orc comes into view. It is wielding a +0 dagger.
The orc warrior completely misses you.
The orc priest mumbles some strange prayers to Beogh against you.
Beogh smites you!
* * * LOW HITPOINT WARNING * * *
The orc warrior closely misses you. The orc hits you but does no damage.
The orc wizard casts a spell.
The orc wizard flickers and vanishes for a moment.
Casting: Sandblast (safe; 1% risk of failure)
Confirm with . or Enter, or press ? or * to list all spells.
Aiming: Sandblast (safe; 1% risk of failure)
Press: ? - help, Shift-Dir - straight line, f/p - orc warrior
Aim: an orc warrior, wielding a +0 war axe and wearing a +0 plate armour (84% to hit)
The blast of sand hits the orc warrior.
The orc warrior is moderately wounded.
The orc barely misses you. The orc warrior closely misses you.
Casting: Sandblast (safe; 1% risk of failure)
Confirm with . or Enter, or press ? or * to list all spells.
Aiming: Sandblast (safe; 1% risk of failure)
Press: ? - help, Shift-Dir - straight line, f/p - orc warrior
Aim: an orc warrior, wielding a +0 war axe and wearing a +0 plate armour (moderately wounded, 84% to hit)
The blast of sand hits the orc warrior but does no damage.
The orc warrior is moderately wounded.
The orc priest barely misses you. The orc warrior closely misses you. x2
The orc priest invokes the aid of Beogh against you.
Beogh smites you!
You die...

.......##'####.....#
#####+##...........#
.................#
.................#
.......o.........#
#..###oo####.....#
######.o####.....#
#...oo........#
#...o@........#
#.............#
#....<........#
#.............#
#######(##....#
######....#
#...#.....#
#...#.....#
#...#...[.#


You could see an orc warrior, 2 orc priests, 2 orc wizards and 2 orcs.

Vanquished Creatures
  Grinder (D:4)
  Sigmund (D:4)
  3 yaks (D:5)
  A steam dragon (D:6)
  Duvessa (D:5)
  A water moccasin (D:5)
  A black bear (D:5)
  A kobold brigand (D:5)
  4 scorpions
  Dowan (D:6)
  4 hounds
  2 orc priests
  Jessica (D:2)
  9 iguanas
  Natasha (thrice) (D:2)
  3 orc wizards
  4 gnolls (D:5)
  10 adders
  An ufetubus (D:4)
  2 worms
  A dart slug (D:1)
  21 orcs
  9 bats
  6 endoplasms
  6 giant cockroaches
  10 goblins
  7 hobgoblins
  2 jackals (D:3)
  16 kobolds
  5 quokkas
  10 ball pythons
  7 frilled lizards
  4 rats
158 creatures vanquished.

Vanquished Creatures (others)
  14 plants (D:5)
14 creatures vanquished.

Grand Total: 172 creatures vanquished

Notes
Turn   | Place    | Note
-------+----------+-------------------------------------------
     0 | D:1      | spardeous the Felid Earth Elementalist began the quest for
                  | the Orb.
     0 | D:1      | Reached XP level 1. HP: 7/7 MP: 4/4
    48 | D:1      | Reached skill level 3 in Dodging
   192 | D:1      | Reached XP level 2. HP: 11/11 MP: 4/6
   328 | D:2      | Noticed Natasha
   333 | D:2      | Killed Natasha
   334 | D:2      | Reached skill level 4 in Dodging
   334 | D:2      | Reached XP level 3. HP: 14/14 MP: 3/7
   336 | D:2      | Noticed Natasha
   395 | D:2      | Killed Natasha
   412 | D:2      | Noticed Natasha
   518 | D:2      | Killed Natasha
   519 | D:2      | Reached XP level 4. HP: 18/18 MP: 5/8
   606 | D:2      | Noticed Jessica
   785 | D:2      | Reached skill level 5 in Dodging
   891 | D:4      | Reached XP level 5. HP: 14/21 MP: 3/9
  1322 | D:4      | Reached skill level 6 in Dodging
  1344 | D:4      | Gained mutation: You are covered in thick fur. (AC +2)
                  | [Felid growth]
  1344 | D:4      | Reached XP level 6. HP: 21/24 MP: 2/10
  1467 | D:4      | Noticed Grinder
  1486 | D:4      | Killed Grinder
  1487 | D:4      | Reached skill level 7 in Dodging
  1487 | D:4      | Reached skill level 5 in Earth Magic
  1638 | D:4      | Noticed Sigmund
  1770 | D:4      | Found a hide-covered altar of Uskayaw.
  1889 | D:4      | Reached XP level 7. HP: 23/27 MP: 1/11
  2075 | D:4      | Killed Sigmund
  2076 | D:4      | Reached skill level 8 in Dodging
  2245 | D:4      | Found a burning altar of Makhleb.
  2309 | D:5      | Entered Level 5 of the Dungeon
  2382 | D:5      | Found a staircase to the Ecumenical Temple.
  2405 | D:5      | Found a blossoming altar of Fedhas.
  2467 | Temple   | Entered the Ecumenical Temple
  2843 | D:5      | Reached skill level 1 in Fighting
  3002 | D:5      | Found a white marble altar of Elyvilon.
  3163 | D:5      | Reached XP level 8. HP: 33/33 MP: 8/12
  3599 | D:5      | Reached skill level 9 in Dodging
  4991 | D:3      | Found a sacrificial altar of Ru.
  5084 | D:3      | Identified the +8 spear "Otaet" {speed, +Blink rPois}
  5461 | D:2      | Killed Jessica
  5617 | D:1      | Reached skill level 10 in Dodging
  6475 | D:6      | Reached XP level 9. HP: 39/39 MP: 6/13
  6627 | D:6      | HP: 1/39 [steam dragon/ball of steam (9)]
  6845 | D:6      | Noticed Dowan
  6846 | D:6      | Found a shimmering blue altar of Sif Muna.
  6848 | D:6      | Killed Dowan
  6856 | D:6      | Noticed Duvessa
  7107 | D:6      | Slain by Duvessa
  7108 | D:6      | Reached XP level 8. HP: 0/36 MP: 8/12
  7230 | D:6      | Found a basalt altar of Yredelemnul.
  7232 | D:6      | Noticed a profane servitor
  7239 | D:6      | Found a glowing golden altar of the Shining One.
  7507 | D:5      | Slain by Duvessa
  7508 | D:5      | Reached XP level 7. HP: -3/33 MP: 11/11
  7526 | D:5      | Killed Duvessa
  7527 | D:5      | Reached skill level 5 in Fighting
  7631 | D:6      | Found a bloodstained altar of Trog.
  7674 | D:6      | Noticed an angel
  7862 | D:7      | HP: 1/33 [orc priest/divine providence (12)]
  7864 | D:7      | Killed from afar by an orc priest

Illustrated notes

Levels and vault maps discovered:
D:1:      dpeg_arrival_ternary, layout_loops_ring, minmay_split_cup_small
D:2:      layout_rooms, uniq_jessica, uniq_natasha
D:3:      layout_basic, mainiacjoe_overflow_alcove_1, hangedman_glass_teeth,
          minmay_pentomino_pile
D:4:      layout_rooms, marbit_many_paths, eat_drink_and_be_merry_uskayaw,
          minmay_mini_jars, uniq_grinder, uniq_sigmund
D:5:      wad_lake_hut, layout_basic, fedhas_altar_2,
          nicolae_elyvilon_temple_path, minmay_temple_entry_large_hall
D:6:      layout_cave_pools, grunt_temple_overflow_holy_war,
          nzn_overflow_gifts_of_might_and_magic
D:7:      layout_gridville, nicolae_gozag_cash_rules_everything_around_me,
          gammafunk_temple_overflow_wave, serial_shops,
          nicolae_shop_competitors_out_of_business, nicolae_take_the_stairs,
          shop_coins
Temple:   nicolae_temple_bog_church

Skill      XL: |  1  2  3  4  5  6  7  8 |
---------------+-------------------------+-----
Dodging        | 3 4 5 6 7 8 10 | 10.6
Earth Magic    | 3 4 5 6 7 |  7.8
Fighting       | 5 4 |  5.1
Stealth        | |  2.6
Spellcasting   | |  2.0
Transmutations | |  1.1

Action                   |  1- 3 |  4- 6 |  7- 9 || total
-------------------------+-------+-------+-------++-------
Melee: Unarmed           |     6 |     2 |       ||     8
       Bite              |     1 |       |       ||     1
 Cast: Sandblast         |    26 |   101 |   217 ||   344
  Use: Potion            |       |       |     1 ||     1
       Scroll            |       |       |    13 ||    13
Armor: Skin              |     2 |     3 |    19 ||    24
Dodge: Dodged            |    20 |    74 |   183 ||   277

Table legend: (Time is in decaauts)
 A = Elapsed time spent in this place.
 B = Non-inter-level travel time spent in this place.
 C = Inter-level travel time spent in this place.
 D = Time resting spent in this place.
 E = Time spent auto-exploring this place.
 F = Levels seen in this place.
 G = Mean time per level.
                   A        B        C        D        E       F      G
               +--------+--------+--------+--------+--------+-----+--------+
         Total |   7171 |   6850 |    321 |    735 |   4839 |   8 |  896.4 |
       Dungeon |   6915 |   6614 |    301 |    735 |   4607 |   7 |  987.9 |
        Temple |    255 |    235 |     20 |      0 |    231 |   1 |  255.0 |
               +--------+--------+--------+--------+--------+-----+--------+

Top non-repeatable levels by time:
     D:5: 1772 daAuts
     D:4: 1408 daAuts
     D:6: 1070 daAuts
     D:1: 1026 daAuts
     D:3: 885 daAuts
     D:2: 684 daAuts
  Temple: 255 daAuts
     D:7: 69 daAuts
